 Dungeon Crawl Stone Soup version 0.23-a0-642-g3120c2f (webtiles) character file.

222 MisterFreud the Chiller (level 5, -7/31 HPs)
             Began as an Octopode Ice Elementalist on Dec 30, 2018.
             Mangled by a gnoll
             ... wielding a +1 spear of piercing
              (8 damage)
             ... on level 3 of the Dungeon.
             The game lasted 00:07:26 (3374 turns).

MisterFreud the Chiller (Octopode Ice Elementalist) Turns: 3374, Time: 00:07:27

Health: -7/31      AC:  1    Str:  4    XL:     5   Next: 99%
Magic:  1/8        EV: 13    Int: 18    God:
Gold:   52         SH:  0    Dex: 13    Spells: 4/8 levels left

rFire    . . .     SeeInvis .   v - +0 mace (protect)
rCold    . . .     Gourm    .   (no shield)
rNeg     . . .     Faith    .   (helmet restricted)
rPois    .         Spirit   .   (no amulet)
rElec    .         Reflect  .   l - -3 ring of strength (curse)
rCorr    .         Harm     .   (no ring)
MR       .....                  (no ring)
Stlth    +++.......             (no ring)
HPRegen  0.10/turn              (no ring)
MPRegen  0.11/turn              (no ring)
                                (no ring)
                                (no ring)

@: no status effects
A: almost no armour, stealthy swim, amphibious, 8 rings, constrict 8, camouflage
1, gelatinous body 1
a: no special abilities


You were on level 3 of the Dungeon.
You were not hungry.

You visited 1 branch of the dungeon, and saw 3 of its levels.

You collected 52 gold pieces.

Inventory:

Hand Weapons
 m - a +0 short sword
 s - a +1 dagger of speed
 v - a +0 mace of protection (weapon)
Missiles
 e - 171 stones (quivered)
 i - 36 sling bullets
 n - 38 arrows
Armour
 a - a +0 shield
 o - a cursed +0 buckler
Jewellery
 l - a cursed -3 ring of strength (left tentacle)
Scrolls
 c - a scroll of enchant weapon {unknown}
 d - 5 scrolls of remove curse {unknown}
 h - 6 scrolls of identify {unknown}
 j - a scroll of immolation {unknown}
 q - a scroll of enchant armour {unknown}
 r - 3 scrolls of random uselessness {unknown}
 w - 2 scrolls of teleportation {unknown}
Potions
 f - a potion of agility {unknown}
 g - a potion of cancellation
 k - 2 potions of heal wounds {unknown}
 p - a potion of flight {unknown}
 t - a potion of lignification {unknown}
 x - a potion of degeneration {unknown}
Comestibles
 b - 2 rations
 u - a chunk of flesh


   Skills:
 - Level 2.0 Dodging
 - Level 2.6 Stealth
 - Level 2.0 Spellcasting
   Level 1.0 Conjurations
 + Level 3.7 Charms
 - Level 5.1 Ice Magic


You had 4 spell levels left.
You knew the following spells:

 Your Spells              Type           Power        Failure   Level  Hunger
a - Freeze                Ice            ###.         2%          1    #......
b - Ozocubu's Armour      Chrm/Ice       ###.....     9%          3    ###....

Your spell library contained the following spells:

 Spells                   Type           Power        Failure   Level  Hunger
 Throw Frost              Conj/Ice       ##....       8%          2    ###....
 Animate Skeleton         Necr           N/A          19%         1    #......
 Apportation              Tloc           #.....       19%         1    #......
 Confusing Touch          Hex            #.....       19%         1    #......
 Summon Small Mammal      Summ           #...         19%         1    #......
 Throw Icicle             Conj/Ice       ##......     45%         4    #####..
 Summon Ice Beast         Ice/Summ       ##......     54%         4    #####..


Dungeon Overview and Level Annotations

Branches:
Dungeon (3/15)

Altars:

Annotations:
D:2 1 runed door


Innate Abilities, Weirdness & Mutations

You cannot wear most types of armour.
You are very stealthy in the water. (Stealth+)
You are amphibious.
You can wear up to eight rings at the same time.
You can use your tentacles to constrict eight enemies at once.
Your skin changes colour to match your surroundings (Stealth+).
Your rubbery body absorbs attacks. (AC +1, EV +1)


Message History

Aim: a gnoll, wielding a +1 spear of piercing (severely wounded)
You freeze the gnoll.
The gnoll is almost dead.
The gnoll hits you with a +0 flail! The gnoll closely misses you.
Casting: Freeze (safe; 2% risk of failure)
Confirm with . or Enter, or press ? or * to list all spells.
Aiming: Freeze (safe; 2% risk of failure)
Press: ? - help, Shift-Dir - straight line, f/p - gnoll
Aim: a gnoll, wielding a +1 spear of piercing (almost dead)
You freeze the gnoll.
The gnoll is almost dead.
The gnoll hits you with a +0 flail!
* * * LOW HITPOINT WARNING * * *
The gnoll hits you but does no damage.
It was a potion of cancellation.
Your magical effects are unravelling.
You feel magically purged.
Your icy armour evaporates.
The gnoll hits you with a +1 spear of piercing!
You die...

##########
#.....<..##
#.######÷..
########.#########
#@g..........# #.
#g######.###.# #.
#g# #.# #.# #. #.#
#.# #.# #. #.# #.#
#.####. #.# #.#
#...... #.#
##÷######### #.#
#...# ##.## #.###


You could see 3 gnolls.

Vanquished Creatures
  Jessica (D:2)
  Terence (D:2)
  Natasha (thrice) (D:2)
  A gnoll (D:3)
  2 adders
  An ooze (D:1)
  2 dart slugs
  3 leopard geckos
  8 giant cockroaches
  8 goblins
  5 hobgoblins (D:1)
  4 jackals
  A quokka (D:2)
  2 ball pythons
  4 bats
  2 frilled lizards (D:1)
  6 kobolds
  4 rats
58 creatures vanquished.

Notes
Turn   | Place    | Note
-------+----------+-------------------------------------------
     0 | D:1      | MisterFreud the Octopode Ice Elementalist began the quest
                  | for the Orb.
     0 | D:1      | Reached XP level 1. HP: 11/11 MP: 3/3
   176 | D:1      | Reached XP level 2. HP: 9/17 MP: 3/5
   634 | D:1      | Reached skill level 4 in Ice Magic
   869 | D:1      | Reached XP level 3. HP: 20/21 MP: 6/6
   950 | D:1      | Learned a level 3 spell: Ozocubu's Armour
  1662 | D:2      | Noticed Natasha
  1934 | D:2      | Noticed Jessica
  1942 | D:2      | Killed Jessica
  1942 | D:2      | Reached skill level 1 in Charms
  1942 | D:2      | Reached XP level 4. HP: 22/27 MP: 5/7
  2073 | D:2      | Killed Natasha
  2233 | D:2      | Noticed Terence
  2245 | D:2      | Killed Terence
  2245 | D:2      | Reached skill level 5 in Ice Magic
  2245 | D:2      | Reached XP level 5. HP: 31/31 MP: 1/8
  2284 | D:2      | Found a runed door.
  2329 | D:2      | Noticed Natasha
  2342 | D:2      | Killed Natasha
  2534 | D:2      | Noticed Natasha
  2541 | D:2      | Killed Natasha
  3373 | D:3      | HP: 1/31 [gnoll/+0 flail (11)]
  3374 | D:3      | Mangled by a gnoll

Vault maps used:
D:1:      dpeg_arrival_chase
D:2:      uniq_terence, uniq_jessica, uniq_natasha, uniq_crazy_yiuf_cottage
D:3:      kb_forest_paths, lemuel_doored_altar, first_ration

Skill      XL: |  1  2  3  4  5 |
---------------+----------------+-----
Ice Magic      | 4 5 |  5.1
Charms         | 1 2 3 |  3.7
Dodging        | |  2.0
Stealth        | |  2.6
Spellcasting   | |  2.0
Conjurations   | |  1.0

Action                   |  1- 3 |  4- 6 || total
-------------------------+-------+-------++-------
Melee: Unarmed           |    13 |       ||    13
       Tentacles         |    10 |     8 ||    18
       Constrict         |    19 |    19 ||    38
       Short sword       |    39 |       ||    39
       Dagger            |       |    16 ||    16
       Mace              |       |    36 ||    36
Throw: Stone             |       |     2 ||     2
 Cast: Freeze            |    26 |    25 ||    51
       Ozocubu's Armour  |     1 |     6 ||     7
  Use: Potion            |       |     1 ||     1
 Stab: Sleeping          |     3 |     6 ||     9
  Eat: Chunk             |     3 |     6 ||     9
Armor: Skin              |     8 |    23 ||    31
Dodge: Dodged            |    50 |    59 ||   109

Table legend:
 A = Non-vault XP
 B = Vault XP
 C = Vault XP percentage of total XP
 D = Non-vault monster count
 E = Vault monster count
 F = Vault count percentage of total count
                 A         B        C        D         E       F
            +---------+---------+-------+---------+---------+-------
      Total |     210 |     108 |  34.0 |      55 |       3 |   5.2
            +---------+---------+-------+---------+---------+-------
        D:1 |      47 |       0 |   0.0 |      23 |       0 |   0.0
        D:2 |     116 |     108 |  48.2 |      22 |       3 |  12.0
        D:3 |      47 |       0 |   0.0 |      10 |       0 |   0.0
            +---------+---------+-------+---------+---------+-------
